 Dungeon Crawl Stone Soup version 0.21-a0-529-g8c7b3f5 (webtiles) character file.

497 zeke the Shield-Bearer (level 6, -4/53 HPs)
             Began as a Minotaur Fighter on Dec 12, 2017.
             Was an Initiate of Okawaru.
             Slain by a troll (8 damage)
             ... on level 6 of the Dungeon.
             The game lasted 00:06:22 (3487 turns).

zeke the Shield-Bearer (Minotaur Fighter)           Turns: 3487, Time: 00:06:23

Health: -4/53      AC:  8    Str: 22    XL:     6   Next: 93%
Magic:  5/5        EV: 11    Int:  5    God:    Okawaru [......]
Gold:   144        SH: 10    Dex: 10    Spells: 5/5 levels left

rFire    . . .     SeeInvis .   a - +0 war axe
rCold    . . .     Gourm    .   c - +0 shield
rNeg     . . .     Faith    .   b - +0 scale mail
rPois    .         Spirit   .   (helmet restricted)
rElec    .         Reflect  .   (no cloak)
rCorr    .         Harm     .   (no gloves)
MR       .....                  x - +0 pair of boots
Stlth    ..........             (no amulet)
HPRegen  0.17/turn              t - +3 ring of evasion
MPRegen  0.09/turn              (no ring)

@: no status effects
A: retaliatory headbutt, horns 2
a: Renounce Religion


You were on level 6 of the Dungeon.
You worshipped Okawaru.
Okawaru was noncommittal.
You were very hungry.

You visited 2 branches of the dungeon, and saw 7 of its levels.

You collected 144 gold pieces.

Inventory:

Hand Weapons
 a - a +0 war axe (weapon)
Armour
 b - a +0 scale mail (worn)
 c - a +0 shield (worn)
 l - a +0 pair of boots
 x - a +0 pair of boots (worn)
Jewellery
 t - a +3 ring of evasion (left hand)
Wands
 A - a wand of random effects (28)
Scrolls
 e - 2 scrolls of teleportation
 g - a scroll of magic mapping
 h - 4 scrolls of identify {unknown}
 o - a scroll of blinking {unknown}
 u - 3 scrolls of remove curse
 w - a scroll of enchant armour {unknown}
 z - a scroll of enchant weapon {unknown}
 B - a scroll of fear {unknown}
 D - a scroll of fog {unknown}
Potions
 d - 3 potions of might
 j - 6 potions of curing
 m - a potion of lignification
 q - 2 potions of ambrosia {unknown}
 r - a potion of berserk rage {unknown}
 s - a potion of degeneration {unknown}
 v - a potion of magic {unknown}
Books
 y - a book of Minor Magic

   Spells                             Type                      Level
   a - Magic Dart                     Conjuration                  1
   b - Blink                          Translocation                2
   c - Call Imp                       Summoning                    2
   d - Slow                           Hexes                        2
   e - Conjure Flame                  Conjuration/Fire             3
   f - Mephitic Cloud                 Conjuration/Poison/Air       3
Comestibles
 f - 4 bread rations
 i - 3 meat rations
 k - 2 royal jellies
 p - 7 fruits


   Skills:
 + Level 4.5 Fighting
 * Level 5.8 Axes
 + Level 5.2 Armour
 + Level 1.5 Dodging
 + Level 0.2 Stealth
 + Level 5.8 Shields


You had 5 spell levels left.
You didn't know any spells.

Dungeon Overview and Level Annotations

Branches:
Dungeon (6/15)             Temple (1/1) D:6

Altars:
Cheibriados
Dithmenos
Elyvilon
Fedhas
Gozag
Hepliaklqana
Kikubaaqudgha
Makhleb
Nemelex Xobeh
Okawaru
Sif Muna
Trog
Uskayaw
Wu Jian
Xom
Yredelemnul
Zin
The Shining One


Innate Abilities, Weirdness & Mutations

You reflexively headbutt those who attack you in melee.
You have a pair of horns on your head.


Message History

You climb upwards.
Welcome back to the Dungeon!
The troll completely misses you. The troll closely misses you.
The troll claws you! The troll bites you! The troll barely misses you. x2
There is a staircase to the Ecumenical Temple, spattered with blood here.
You closely miss the troll. The troll bites you. You block the troll's attack.
The troll barely misses you.
You closely miss the troll. The troll bites you!
You block the troll's attack. x2
You closely miss the troll. The troll closely misses you.
You furiously retaliate!
You headbutt the troll! The troll claws you!
* * * LOW HITPOINT WARNING * * *
The troll claws you.
* * * LOW HITPOINT WARNING * * *
You block the troll's attack. The troll claws you.
* * * LOW HITPOINT WARNING * * *
The troll claws you.
* * * LOW HITPOINT WARNING * * *
As you read the scroll labeled WEDIN GUWNYOWN, it crumbles to dust.
The dust glows dark scarlet!
It was a scroll of random uselessness.
The troll barely misses you. The troll claws you!
You die...

*,,,,,,,,,,,,,*
*,,,,,,,,,,,,**
*,,*+*,,,,,,,,*
*.....,,,,,*,,**
*,,+_+,,,,,,,**
*#....,,,,,***,,*
*,,*+*,,,*****
##....,,,,*** **,,
*,,,,,,***
#....#***** **,
***,,,,* ###...#*
*, *,..#** #.....#
**
**#..########.♣T♣.#
* #............@..#
*#..........♣.♣.#
##..............#
#............#.##
#..............#
#########
#...........####
#.......#
#...........#
##........
#...........#
#.........
##...........#
#.........


You could see a troll.

Vanquished Creatures
  An ogre (D:5)
  The ghost of Lliillii the Shield-Bearer, an amateur FoFi (D:3)
  A crimson imp (D:5)
  A hound (D:5)
  A jelly (D:5)
  An orc priest (D:6)
  2 worker ants (D:5)
  A worker ant zombie (D:5)
  7 adders
  An ooze (D:2)
  2 worms
  2 dart slugs
  2 leopard geckos (D:2)
  5 orcs
  4 giant cockroaches
  3 goblins
  5 hobgoblins
  7 jackals
  4 kobolds
  A quokka (D:2)
  2 ball pythons (D:3)
  9 bats
  3 frilled lizards
  A leopard gecko skeleton (D:3)
  A leopard gecko zombie (D:5)
  A quokka skeleton (D:4)
  8 rats
77 creatures vanquished.

Notes
Turn   | Place    | Note
-------+----------+-------------------------------------------
     0 | D:1      | zeke the Minotaur Fighter began the quest for the Orb.
     0 | D:1      | Reached XP level 1. HP: 19/19 MP: 0/0
   257 | D:1      | Reached XP level 2. HP: 24/27 MP: 1/1
   945 | D:2      | Reached XP level 3. HP: 25/33 MP: 2/2
  1061 | D:2      | Found a bloodstained altar of Trog.
  1161 | D:2      | Reached XP level 4. HP: 36/40 MP: 3/3
  1883 | D:3      | Noticed Lliillii's ghost (amateur FoFi)
  1908 | D:3      | Killed Lliillii's ghost
  1908 | D:3      | Reached skill level 5 in Shields
  1908 | D:3      | Reached XP level 5. HP: 38/47 MP: 4/4
  2288 | D:4      | Reached skill level 1 in Dodging
  2422 | D:4      | Found a shadowy altar of Dithmenos.
  2678 | D:5      | Entered Level 5 of the Dungeon
  2701 | D:5      | Found a glowing silver altar of Zin.
  2731 | D:5      | Found a basalt altar of Yredelemnul.
  2767 | D:5      | Reached XP level 6. HP: 47/53 MP: 5/5
  2796 | D:5      | Found a hide-covered altar of Uskayaw.
  2799 | D:5      | Noticed a hand axe
  2800 | D:5      | Noticed a dagger
  2997 | D:5      | Reached skill level 5 in Axes
  2997 | D:5      | Reached skill level 5 in Armour
  3012 | D:5      | Found a sparkling altar of Nemelex Xobeh.
  3394 | D:6      | Found a staircase to the Ecumenical Temple.
  3403 | D:6      | Noticed a troll
  3405 | Temple   | Entered the Ecumenical Temple
  3466 | Temple   | Became a worshipper of Warmaster Okawaru
  3487 | D:6      | Slain by a troll

Vault maps used:
D:1:      dpeg_arrival_rooms_b, hangedman_decor_slide_cut, serial_bayou_lagoon_b
D:2:      trog_butcher_becter
D:4:      nicolae_dithmenos_through_a_glass_darkly
D:5:      lemuel_round_altar, overflow_temple_1_default,
          dancing_weapons_uskayaw, old_standard_altar, first_bread
D:6:      kennysheep_mini_moat, minmay_temple_entry_trees
Temple:   dshaligram_water_room_temple

Skill      XL: |  1  2  3  4  5  6 |
---------------+-------------------+-----
Armour         | 4 5 |  5.2
Fighting       | 4 |  4.5
Shields        | 4 5 |  5.8
Axes           | 3 4 5 |  5.8
Dodging        | 1 |  1.5
Stealth        | |  0.2

Action                   |  1- 3 |  4- 6 || total
-------------------------+-------+-------++-------
Melee: War axe           |    83 |   140 ||   223
       Headbutt          |    14 |    20 ||    34
  Use: Scroll            |     2 |     2 ||     4
       Potion            |       |     2 ||     2
  Eat: Chunk             |     1 |     6 ||     7
Armor: Scale mail        |    45 |    47 ||    92
       Skin              |       |    14 ||    14
Dodge: Dodged            |    33 |    54 ||    87
Block: Shield            |    43 |    71 ||   114

Table legend:
 A = Spawn XP
 B = Non-spawn XP
 C = Spawn XP percentage of total XP
 D = Spawn monster count
 E = Non-spawn monster count
 F = Spawn count percentage of total count
 G = Total turns spent on level
                    A         B        C        D         E        F      G
               +---------+---------+-------+---------+---------+-------+---------
         Total |       0 |     710 |   0.0 |       0 |      77 |   0.0 |  3487
               +---------+---------+-------+---------+---------+-------+---------
           D:1 |       0 |      31 |   0.0 |       0 |      19 |   0.0 |   925
           D:2 |       0 |      89 |   0.0 |       0 |      23 |   0.0 |   831
           D:3 |       0 |     177 |   0.0 |       0 |      17 |   0.0 |   488
           D:4 |       0 |      15 |   0.0 |       0 |       2 |   0.0 |   434
           D:5 |       0 |     345 |   0.0 |       0 |      11 |   0.0 |   638
           D:6 |       0 |      53 |   0.0 |       0 |       5 |   0.0 |    93
               +---------+---------+-------+---------+---------+-------+---------
